 Dungeon Crawl Stone Soup version 0.26-a0-1181-gd376ed14c5 (webtiles) character file.

Game seed: 16310822169145005977

16843 Arthanis the Cleaver (level 12, -7/80 HPs)
             Began as a Gargoyle Berserker on Dec 26, 2020.
             Was the Champion of Trog.
             Mangled by a red ugly thing (22 damage)
             ... on level 12 of the Dungeon.
             The game lasted 00:12:08 (10527 turns).

Arthanis the Cleaver (Gargoyle Berserker)          Turns: 10527, Time: 00:12:09

Health: -7/80      AC: 30    Str: 28    XL:     12   Next: 41%
Magic:  12/12      EV: 10    Int: 12    God:    Trog [******]
Gold:   115        SH:  0    Dex: 15    Spells: 11/11 levels left

rFire    . . .     SeeInvis .   V - +5 broad axe (vamp)
rCold    . . .     Faith    .   (no shield)
rNeg     + . .     Spirit   .   N - +0 plate armour
rPois    ∞         Reflect  .   D - +0 helmet (curse)
rElec    +         Harm     .   m - +1 cloak {Stlth+}
rCorr    .         Rampage  .   i - +2 pair of gloves
Will     ++...                  (no boots)
Stlth    ..........             (no amulet)
HPRegen  1.23/turn              v - +6 ring of strength
MPRegen  0.13/turn              J - +6 ring of dexterity

@: berserk cooldown, regenerating
A: negative energy resistance 1, electricity resistance, unbreathing,
petrification resistance, miasma immunity, AC +8
a: Renounce Religion, Berserk, Trog's Hand, Brothers in Arms


You were on level 12 of the Dungeon.
You worshipped Trog.
Trog was exalted by your worship.
You visited 1 branch of the dungeon, and saw 12 of its levels.

You collected 674 gold pieces.
You spent 559 gold pieces at shops.

Inventory:

Hand Weapons
 a - a +0 hand axe
 b - a +2 antimagic battleaxe
 l - a +3 quarterstaff of chaos
 p - a +0 war axe
 w - a +4 mace of protection
 G - a +2 war axe of venom
 O - a +1 spear
 S - a +3 trident
 V - a +5 vampiric broad axe (weapon)
Armour
 i - a +2 pair of gloves (worn)
 m - a +1 cloak of stealth (worn)
 D - a cursed +0 helmet (worn)
 N - a +0 plate armour (worn)
Jewellery
 v - a +6 ring of strength (left hand)
 y - an uncursed ring of wizardry
 J - a +6 ring of dexterity (right hand)
 P - an uncursed ring of protection from fire
Wands
 r - a wand of disintegration (58)
 t - a wand of polymorph (2)
 F - a wand of flame (30)
 Q - a wand of enslavement (9)
Scrolls
 f - 2 scrolls of fog
 h - 5 scrolls of remove curse
 j - a scroll of amnesia
 o - 3 scrolls of immolation
 q - 3 scrolls of identify
 u - 2 scrolls of fear
 z - a scroll of summoning
 B - a scroll of teleportation
 C - a scroll of random uselessness {unknown}
 E - 3 scrolls of blinking
 I - a scroll of vulnerability {unknown}
 M - a scroll of magic mapping {unknown}
 R - a scroll of noise {unknown}
 W - 3 scrolls of enchant armour {unknown}
 X - a scroll of acquirement {unknown}
 Y - a scroll of silence {unknown}
Potions
 c - 2 potions of attraction {unknown}
 d - 10 potions of curing
 e - 5 potions of flight
 g - a potion of might
 k - a potion of mutation {unknown}
 n - 3 potions of degeneration
 x - a potion of invisibility {unknown}
 A - 6 potions of heal wounds
 H - 3 potions of haste
 K - a potion of ambrosia {unknown}
 T - a potion of lignification
 U - a potion of resistance
 Z - a potion of brilliance {unknown}


   Skills:
 + Level 11.5 Fighting
 * Level 13.2 Axes
 + Level 9.0 Armour
 + Level 3.6 Dodging
 - Level 2.1 Evocations


You had 11 spell levels left.
You didn't know any spells.
Your spell library contained the following spells:

 Spells                   Type           Power        Failure   Level
 Confusing Touch          Hex            0%           100%        3
 Gell's Gravitas          Tloc           0%           100%        3
 Petrify                  Tmut/Erth      0%           100%        4
 Metabolic Englaciation   Hex/Ice        0%           100%        5
 Yara's Violent Unravell  Hex/Tmut       0%           100%        5


Dungeon Overview and Level Annotations

Branches:
Dungeon (12/15)            Temple (0/1) D:4            Lair (0/6) D:8
    Orc (0/2) D:9

Altars:
Ashenzari
Dithmenos
Elyvilon
Fedhas
Gozag
Makhleb
Nemelex Xobeh
Okawaru
Qazlal
Sif Muna
Trog
Vehumet
Wu Jian
The Shining One

Shops:
D:10 !(*

Annotations:
D:4 3 runed translucent doors, casual's ghost, novice TrDe


Innate Abilities, Weirdness & Mutations

You are resistant to torment.
Your stone body is resilient. (AC +8)
You are immune to poison.
You resist negative energy. (rN+)
You are resistant to electric shocks. (rElec)
You can survive without breathing.
You are immune to petrification.
You are immune to miasma.


Message History

You barely miss something. Something hits you.
* * * LOW HITPOINT WARNING * * *
Something bites you but does no damage. Something hits you but does no damage.
Something bites you.
* * * LOW HITPOINT WARNING * * *
As you read the scroll of teleportation, it crumbles to dust.
You feel strangely unstable. Something hits you but does no damage.
Something bites you but does no damage.
Your surroundings suddenly seem different.
A red ugly thing comes into view.
The red ugly thing gurgles horribly!
You enter the shallow water.
Moving in this stuff is going to be slow.
You feel yourself speed up.
There is a stone staircase leading up here.
You see here a stone.
The red ugly thing kicks you.
* * * LOW HITPOINT WARNING * * *
You are engulfed in flames!!
You die...

..♣...♣...♣..###
.≈.≈.≈.†.≈.≈...##
...♣...♣...#...##
.≈.≈.≈.≈.≈.≈#....##.
..♣...♣...♣...........
.≈.≈.≈.≈††.≈............
♣...♣...♣[.)))..........
.≈.≈.≈.≈)).).).#...#....
..♣...♣...♣u@..#........
.≈.≈.≈.≈.≈..............
.#.#...................#..
...................#...#..
..##.....##.#.#..###.....
# ##....##.###?## ...#
#.....#..#.(####..#
###.......#..##..#
#..........(..##


You could see a red ugly thing.

Vanquished Creatures
  A centaur warrior (D:11)
  4 two-headed ogres
  Pikel (D:8)
  An ugly thing (D:11)
  A cyclops (D:12)
  4 centaur zombies (D:8)
  Psyche (D:8)
  2 kobold demonologists
  2 hellwings (D:8)
  A troll (D:11)
  A hornet (D:8)
  A harpy skeleton (D:8)
  Prince Ribbit (D:9)
  A meliai zombie (D:8)
  Sigmund (D:2)
  A shadow (D:12)
  A vampire (D:9)
  A wyvern (D:11)
  A wraith (D:12)
  8 yaks
  Grum (D:8)
  Edmund (D:5)
  2 ice beasts
  2 sky beasts
  An eye of draining (D:8)
  8 orc warriors
  2 phantoms
  A necrophage (D:10)
  10 ogres
  6 centaurs
  3 wolves (D:8)
  3 lemures (D:8)
  Blork the orc (D:4)
  4 big kobolds
  9 bullfrogs
  A wyvern skeleton (D:11)
  3 scorpions
  A water moccasin skeleton (D:8)
  8 killer bees
  6 wights
  2 electric eels (D:12)
  A bullfrog zombie (D:9)
  A quasit (D:9)
  A bullfrog skeleton (D:5)
  18 orc priests
  7 hounds
  A jelly (D:9)
  Crazy Yiuf (D:2)
  11 orc wizards
  3 iguanas
  7 worker ants
  A hound zombie (D:6)
  3 hound skeletons
  2 worker ant zombies
  8 adders
  A howler monkey skeleton (D:8)
  7 shadow imps
  2 white imps
  2 ufetubi
  3 oozes
  An adder zombie (D:6)
  2 adder skeletons
  5 worms
  2 dart slugs
  5 leopard geckos
  46 orcs
  11 giant cockroaches
  18 goblins
  8 hobgoblins
  15 jackals
  14 kobolds
  2 quokkas
  A ball python (D:2)
  6 bats
  7 frilled lizards
  A jackal skeleton (D:9)
  A leopard gecko skeleton (D:4)
  A leopard gecko zombie (D:5)
  3 rats
339 creatures vanquished.

Vanquished Creatures (others)
  A jelly (D:11)
  3 withered plants (D:8)
4 creatures vanquished.

Grand Total: 343 creatures vanquished

Notes
Turn   | Place    | Note
-------+----------+-------------------------------------------
     0 | D:1      | Arthanis the Gargoyle Berserker began the quest for the
                  | Orb.
     0 | D:1      | Reached XP level 1. HP: 14/14 MP: 1/1
    43 | D:1      | Reached XP level 2. HP: 19/19 MP: 2/2
    48 | D:1      | Reached skill level 3 in Axes
   268 | D:1      | Reached XP level 3. HP: 21/23 MP: 3/3
   300 | D:1      | Reached ** piety under Trog
   622 | D:2      | Found an opulent altar of Gozag.
   850 | D:2      | Reached XP level 4. HP: 27/29 MP: 4/4
  1232 | D:2      | Noticed Sigmund
  1243 | D:2      | Killed Sigmund
  1244 | D:2      | Reached skill level 4 in Axes
  1244 | D:2      | Reached XP level 5. HP: 30/34 MP: 5/5
  1244 | D:2      | Reached XP level 6. HP: 35/39 MP: 6/6
  1566 | D:2      | Found a runed translucent door.
  1567 | D:2      | Noticed Crazy Yiuf
  1816 | D:2      | Killed Crazy Yiuf
  2022 | D:3      | Found a shadowy altar of Dithmenos.
  2240 | D:3      | Found a burning altar of Makhleb.
  2240 | D:3      | Noticed a blizzard demon
  2316 | D:3      | Found a white marble altar of Elyvilon.
  2316 | D:3      | Found an ornate altar of the Wu Jian Council.
  2316 | D:3      | Found a blossoming altar of Fedhas.
  2330 | D:3      | Reached *** piety under Trog
  2402 | D:3      | You fall into a shaft and drop 3 floors!
  2405 | D:6      | Noticed a phantom
  2412 | D:6      | Reached skill level 5 in Axes
  2449 | D:6      | Killed a phantom
  2450 | D:6      | Reached skill level 5 in Fighting
  2450 | D:6      | Reached XP level 7. HP: 24/44 MP: 7/7
  2654 | D:5      | Entered Level 5 of the Dungeon
  2680 | D:5      | Noticed Edmund
  2696 | D:5      | Killed Edmund
  2808 | D:4      | Found a runed translucent gate.
  2809 | D:4      | Found a runed translucent gate.
  2809 | D:4      | Found an opulent altar of Gozag.
  2810 | D:4      | Found a runed translucent gate.
  2811 | D:4      | Noticed casual's ghost (novice TrDe)
  3064 | D:4      | Reached skill level 6 in Axes
  3064 | D:4      | Reached skill level 5 in Armour
  3394 | D:4      | Reached XP level 8. HP: 51/51 MP: 8/8
  3698 | D:4      | Found a staircase to the Ecumenical Temple.
  4022 | D:4      | Noticed Blork the orc
  4030 | D:4      | Killed Blork the orc
  4114 | D:4      | Found a shimmering blue altar of Sif Muna.
  4553 | D:5      | Reached skill level 7 in Axes
  4965 | D:5      | Reached **** piety under Trog
  5204 | D:6      | Reached XP level 9. HP: 52/56 MP: 9/9
  5355 | D:6      | Found a sparkling altar of Nemelex Xobeh.
  5408 | D:6      | Reached skill level 8 in Axes
  5906 | D:7      | Reached skill level 9 in Axes
  6426 | D:7      | Noticed a two-headed ogre
  6433 | D:7      | Killed a two-headed ogre
  6434 | D:7      | Reached XP level 10. HP: 65/65 MP: 10/10
  6578 | D:7      | Reached skill level 10 in Axes
  6679 | D:7      | Found a bloodstained altar of Trog.
  6694 | D:7      | Reached ***** piety under Trog
  6744 | D:7      | Found a stormy altar of Qazlal.
  6744 | D:7      | Found a faded altar of an unknown god.
  6749 | D:7      | Found an iron altar of Okawaru.
  6751 | D:7      | Found a faded altar of an unknown god.
  6752 | D:7      | Found a broken altar of Ashenzari.
  6904 | D:8      | Reached skill level 1 in Evocations
  7287 | D:8      | Noticed Pikel
  7297 | D:8      | Killed Pikel
  7298 | D:8      | Reached skill level 11 in Axes
  7440 | D:8      | Reached XP level 11. HP: 62/72 MP: 11/11
  7502 | D:8      | Found a staircase to the Lair.
  7594 | D:8      | Found a glowing golden altar of the Shining One.
  7771 | D:8      | Noticed Grum
  7781 | D:8      | Reached skill level 10 in Fighting
  7797 | D:8      | Killed Grum
  7893 | D:8      | Noticed Psyche
  7901 | D:8      | Killed Psyche
  8223 | D:9      | Noticed a two-headed ogre
  8229 | D:9      | Killed a two-headed ogre
  8353 | D:9      | Found a radiant altar of Vehumet.
  8498 | D:9      | Reached skill level 12 in Axes
  8716 | D:9      | Noticed a two-headed ogre
  8729 | D:9      | Killed a two-headed ogre
  8858 | D:9      | Noticed Prince Ribbit
  8865 | D:9      | Killed Prince Ribbit
  8954 | D:9      | Found a staircase to the Orcish Mines.
  9055 | D:10     | Entered Level 10 of the Dungeon
  9256 | D:10     | Found Pimap's Distillery.
  9281 | D:10     | Bought a potion of lignification for 45 gold pieces
  9281 | D:10     | Bought a potion of resistance for 150 gold pieces
  9281 | D:10     | Bought a potion of heal wounds for 75 gold pieces
  9300 | D:10     | Found Qihotod's Weapon Emporium.
  9303 | D:10     | Bought a +1 vampiric broad axe for 247 gold pieces
  9319 | D:10     | Reached ****** piety under Trog
  9470 | D:10     | Found Kyefowk's General Store.
  9479 | D:10     | Bought a scroll of teleportation for 42 gold pieces
  9860 | D:11     | Noticed a cyan ugly thing
  9869 | D:11     | Killed a cyan ugly thing
  9870 | D:11     | Reached XP level 12. HP: 80/80 MP: 12/12
 10177 | D:11     | Noticed a centaur warrior
 10190 | D:11     | Killed a centaur warrior
 10191 | D:11     | Reached skill level 13 in Axes
 10458 | D:12     | Received a gift from Trog
 10490 | D:12     | Noticed a two-headed ogre
 10499 | D:12     | Killed a two-headed ogre
 10527 | D:12     | Mangled by a red ugly thing

Illustrated notes

Levels and vault maps discovered:
D:1:      saegor_arrival_simple_a, layout_rooms, columned_hall_lemuel,
          hangedman_decor_clover_reticule, due_unseen_surprise
D:2:      layout_basic, nicolae_overflow_hidden_temple, uniq_crazy_yiuf_cottage,
          uniq_sigmund
D:3:      layout_loops_cross, gammafunk_temple_overflow_claw,
          makhleb_altar_promises_db, lemuel_crystal_altar, st_stairs_8
D:4:      layout_gridville, lemuel_blue_sif_altar,
          minmay_temple_entry_antechambers, serial_glass, glass_columns_a,
          glass_columns_b, ebering_ghost_gozag, uniq_blork_the_orc
D:5:      layout_gridville, uniq_edmund
D:6:      layout_basic, kennysheep_little_box
D:7:      layout_loops_ring, chequers_temple_overflow_minitemple,
          trog_hazing_becter
D:8:      cheibrodos_grave_circle, layout_gridville, overflow_temple_1_default,
          lair_entry_dummy, uniq_psyche, uniq_pikel, uniq_grum
D:9:      layout_roguey, old_standard_altar, orc_0_dummy, uniq_prince_ribbit1
D:10:     layout_roguey, serial_shops, shop, nicolae_shop_behind_doors,
          nicolae_shop_trees
D:11:     layout_irregular_city, lemuel_old_faithful
D:12:     layout_cave_pools, serial_shops, shop,
          portal_ice_cave_entry_animals_and_master, kennysheep_crisscross

Skill      XL: |  1  2  3  4  5  6  7  8  9 10 11 12 |
---------------+-------------------------------------+-----
Axes           | 3 4 5 6 7 9 11 12 13 | 13.2
Dodging        | 2 3 |  3.6
Armour         | 3 4 5 6 8 9 |  9.0
Fighting       | 4 5 6 8 9 11 | 11.5
Evocations     | 2 |  2.1

Action                   |  1- 3 |  4- 6 |  7- 9 | 10-12 || total
-------------------------+-------+-------+-------+-------++-------
Melee: Hand axe          |   115 |   160 |   163 |       ||   438
       War axe           |       |       |   149 |   276 ||   425
       Broad axe         |       |       |       |   204 ||   204
Invok: Berserk           |       |     4 |    14 |    14 ||    32
       Trog's Hand       |       |       |     1 |     3 ||     4
  Use: Scroll            |       |       |       |    17 ||    17
 Stab: Sleeping          |       |     1 |       |       ||     1
       Distracted        |       |       |     1 |       ||     1
Armor: Animal skin       |    49 |    81 |    21 |       ||   151
       Chain mail        |       |       |   140 |   188 ||   328
       Plate armour      |       |       |       |   322 ||   322
Dodge: Dodged            |   101 |   114 |   106 |   284 ||   605

Table legend: (Time is in decaauts)
 A = Elapsed time spent in this place.
 B = Non-inter-level travel time spent in this place.
 C = Inter-level travel time spent in this place.
 D = Time resting spent in this place.
 E = Time spent auto-exploring this place.
 F = Levels seen in this place.
 G = Mean time per level.
                   A        B        C        D        E       F      G
               +--------+--------+--------+--------+--------+-----+--------+
         Total |  10847 |  10411 |    436 |    359 |   7978 |  12 |  903.9 |
       Dungeon |  10847 |  10411 |    436 |    359 |   7978 |  12 |  903.9 |
               +--------+--------+--------+--------+--------+-----+--------+

Top non-repeatable levels by time:
     D:7: 1541 daAuts
     D:2: 1433 daAuts
     D:4: 1310 daAuts
     D:8: 1095 daAuts
     D:5: 934 daAuts
     D:9: 890 daAuts
     D:6: 868 daAuts
    D:11: 837 daAuts
     D:3: 705 daAuts
     D:1: 561 daAuts
    D:10: 550 daAuts
    D:12: 118 daAuts
